NCAA
NORTH CAROLINA TAR HEELS @ UTAH UTES
04/15/2026
 
TOP OF THE 1ST
North Carolina Tar Heels batting - Pitching for Utah Utes : LHP Franklin O'Morchoe
Pitching: LHP Franklin O'Morchoe
Batting: RHB Neal Foster 0-0: Ground out 4-3 (Groundball, 4M)
Batting: RHB Tom Hogan 0-0: Fly out, F7 (Flyball, 7M)
Batting: LHB José Morales 0-0: Called Strike
0-1: Ball
1-1: Swinging Strike
1-2: Ground out U3 (Groundball, 3S)
Top of the 1st over - 0 run(s), 0 hit(s), 0 error(s), 0 left on base; North Carolina 0 - Utah 0
BOTTOM OF THE 1ST
Utah Utes batting - Pitching for North Carolina Tar Heels : RHP Tony Rodréques
Pitching: RHP Tony Rodréques
Batting: RHB Bill Bourland 0-0: Called Strike
0-1: Ball
1-1: Ground out 6-3 (Groundball, 6M)
Batting: SHB Brandon Manning 0-0: Ball
1-0: Foul Ball, location: 2F
1-1: SINGLE (Groundball, 5L)
Batting: RHB Brandon Owen 0-0: Called Strike
0-1: Ball
1-1: Grounds into double play, 5-4-3 (Groundball, 56)
Bottom of the 1st over - 0 run(s), 1 hit(s), 0 error(s), 0 left on base; North Carolina 0 - Utah 0
TOP OF THE 2ND
North Carolina Tar Heels batting - Pitching for Utah Utes : LHP Franklin O'Morchoe
Batting: RHB Derek Scott 0-0: Called Strike
0-1: Swinging Strike
0-2: Foul Ball, location: 2F
0-2: Ball
1-2: Ball
2-2: Ground out 1-3 (Groundball, 13)
Batting: LHB Will Robinson 0-0: Called Strike
0-1: Called Strike
0-2: Strikes out looking
Batting: SHB Mario Costello 0-0: Ball
1-0: Ball
2-0: SINGLE (Flyball, 89S)
Batting: SHB Rod Good 0-0: Called Strike
0-1: Foul Ball, location: 2F
0-2: Ball
1-2: Ball
2-2: SINGLE (Groundball, 56)
Mario Costello to second
Batting: RHB Phil Johnson 0-0: Foul Ball, location: 2F
0-1: Swinging Strike
0-2: Foul Ball, location: 2F
0-2: Fly out, F7 (Line Drive, 7LM)
Top of the 2nd over - 0 run(s), 2 hit(s), 0 error(s), 2 left on base; North Carolina 0 - Utah 0
BOTTOM OF THE 2ND
Utah Utes batting - Pitching for North Carolina Tar Heels : RHP Tony Rodréques
Batting: SHB Ramón Velázquez 0-0: Called Strike
0-1: Ball
1-1: Fly out, F8 (Flyball, 8RM)
Batting: SHB Glenn Hinton 0-0: Ball
1-0: Swinging Strike
1-1: Foul Ball, location: 2F
1-2: Fly out, F8 (Flyball, 8LS)
Batting: RHB Bennie McGrath 0-0: Ball
1-0: Foul Ball, location: 2F
1-1: Ball
2-1: Foul Ball, location: 2F
2-2: Strikes out swinging
Bottom of the 2nd over - 0 run(s), 0 hit(s), 0 error(s), 0 left on base; North Carolina 0 - Utah 0
TOP OF THE 3RD
North Carolina Tar Heels batting - Pitching for Utah Utes : LHP Franklin O'Morchoe
Batting: LHB Joe Spears 0-0: Ball
1-0: SINGLE (Groundball, 5D)
Batting: RHB Neal Foster 0-0: Called Strike
0-1: Ball
1-1: Foul Ball, location: 2F
1-2: SINGLE (Line Drive, 9LS)
Joe Spears to second
Batting: RHB Tom Hogan 0-0: Fly out, F4 (Line Drive, 4M)
Batting: LHB José Morales 0-0: Ball
1-0: Ball
2-0: Called Strike
2-1: Ball
3-1: Called Strike
3-2: 3-RUN HOME RUN (Line Drive, 89XD), Distance : 421 ft
Batting: RHB Derek Scott 0-0: Fly out, F9 (Flyball, 9LS)
Batting: LHB Will Robinson 0-0: Called Strike
0-1: Ball
1-1: Ground out U3 (Groundball, 3)
Top of the 3rd over - 3 run(s), 3 hit(s), 0 error(s), 0 left on base; North Carolina 3 - Utah 0
BOTTOM OF THE 3RD
Utah Utes batting - Pitching for North Carolina Tar Heels : RHP Tony Rodréques
Batting: RHB Patrick Chute 0-0: Called Strike
0-1: Ground out 6-3 (Groundball, 6)
Batting: SHB Pablo Miranda 0-0: SINGLE (Groundball, 4MD)
Batting: RHB Larry Storms 0-0: Foul Ball, location: 2F
0-1: Fielders Choice at 2nd, 5-4 (Groundball, 5L)
Batting: RHB Bill Bourland 0-0: Ball
1-0: Ball
Larry Storms steals 2nd base
2-0: Called Strike
2-1: Ground out 5-3 (Groundball, 5)
Bottom of the 3rd over - 0 run(s), 1 hit(s), 0 error(s), 1 left on base; North Carolina 3 - Utah 0
TOP OF THE 4TH
North Carolina Tar Heels batting - Pitching for Utah Utes : LHP Franklin O'Morchoe
Batting: SHB Mario Costello 0-0: Ball
1-0: Ball
2-0: Foul Ball, location: 2F
2-1: Ball
3-1: Foul Ball, location: 2F
3-2: Base on Balls
Batting: SHB Rod Good 0-0: Called Strike
0-1: Ground out 4-3 (Groundball, 4MS)
Mario Costello to second
Batting: RHB Phil Johnson 0-0: 2-RUN HOME RUN (Flyball, 7LD), Distance : 374 ft
Batting: LHB Joe Spears 0-0: Ball
1-0: Ball
2-0: Ball
3-0: Base on Balls
Batting: RHB Neal Foster 0-0: Foul Ball, location: 2F
0-1: Ball
1-1: Foul Ball, location: 2F
1-2: Foul Ball, location: 2F
1-2: Foul Ball, location: 2F
1-2: Ball
2-2: Foul Ball, location: 2F
2-2: Strikes out swinging
Batting: RHB Tom Hogan 0-0: Reached on error, E5 (Groundball, 56S)
Joe Spears to second
Batting: LHB José Morales 0-0: Ball
1-0: Ball
2-0: Called Strike
2-1: Swinging Strike
2-2: Strikes out swinging
Top of the 4th over - 2 run(s), 1 hit(s), 1 error(s), 2 left on base; North Carolina 5 - Utah 0
BOTTOM OF THE 4TH
Utah Utes batting - Pitching for North Carolina Tar Heels : RHP Tony Rodréques
Batting: SHB Brandon Manning 0-0: Called Strike
0-1: Ball
1-1: Swinging Strike
1-2: SINGLE (Groundball, 3D)
Batting: RHB Brandon Owen 0-0: Ball
1-0: Ball
2-0: Called Strike
2-1: Ball
3-1: Fielders Choice at 2nd, 6-4 (Groundball, 6)
Batting: SHB Ramón Velázquez 0-0: Foul Ball, location: 2F
0-1: Called Strike
0-2: Ball
1-2: Ball
2-2: Ball
3-2: Foul Ball, location: 2F
3-2: Strikes out swinging
Brandon Owen is caught stealing 2nd base
Batter strikes out.
Bottom of the 4th over - 0 run(s), 1 hit(s), 0 error(s), 0 left on base; North Carolina 5 - Utah 0
TOP OF THE 5TH
North Carolina Tar Heels batting - Pitching for Utah Utes : LHP Franklin O'Morchoe
Batting: RHB Derek Scott 0-0: Foul Ball, location: 2F
0-1: Ball
1-1: Swinging Strike
1-2: Strikes out looking
Batting: LHB Will Robinson 0-0: Foul Ball, location: 2F
0-1: Ball
1-1: Ball
2-1: Ball
3-1: Base on Balls
Pitching: RHP Bob Spalton
Batting: SHB Mario Costello 0-0: Foul Ball, location: 2F
0-1: Swinging Strike
0-2: Ball
1-2: SINGLE (Flyball, 8RS)
Will Robinson to second
Runner from 2nd tries for 3rd, OUT!
Batting: SHB Rod Good 0-0: Foul Ball, location: 2F
0-1: Swinging Strike
0-2: Strikes out swinging
Top of the 5th over - 0 run(s), 1 hit(s), 0 error(s), 1 left on base; North Carolina 5 - Utah 0
BOTTOM OF THE 5TH
Utah Utes batting - Pitching for North Carolina Tar Heels : RHP Tony Rodréques
Batting: SHB Glenn Hinton 0-0: Called Strike
0-1: Called Strike
0-2: Ground out 3-1 (Groundball, 34S)
Batting: RHB Bennie McGrath 0-0: Ball
1-0: Ball
2-0: Called Strike
2-1: Ball
3-1: Foul Ball, location: 2F
3-2: SINGLE (Groundball, 4)
Batting: RHB Patrick Chute 0-0: Ball
1-0: Foul Ball, location: 2F
1-1: Ball
2-1: Foul Ball, location: 2F
2-2: Ball
3-2: Foul Ball, location: 2F
3-2: Fly out, F8 (Flyball, 8RM)
Batting: SHB Pablo Miranda 0-0: Called Strike
0-1: Ball
1-1: Called Strike
1-2: Ball
2-2: Ball
3-2: Foul Ball, location: 2F
3-2: Base on Balls
Bennie McGrath to second
Batting: RHB Larry Storms 0-0: Called Strike
0-1: Ball
1-1: Swinging Strike
1-2: Ball
2-2: Strikes out looking
Bottom of the 5th over - 0 run(s), 1 hit(s), 0 error(s), 2 left on base; North Carolina 5 - Utah 0
TOP OF THE 6TH
North Carolina Tar Heels batting - Pitching for Utah Utes : RHP Bob Spalton
Batting: RHB Phil Johnson 0-0: Called Strike
0-1: Ball
1-1: SOLO HOME RUN (Flyball, 7D), Distance : 392 ft
Batting: LHB Joe Spears 0-0: Foul Ball, location: 2F
0-1: DOUBLE (Flyball, 8LM)
Batting: RHB Neal Foster 0-0: Ball
1-0: Ball
2-0: Called Strike
2-1: Swinging Strike
2-2: Ball
3-2: SINGLE (Line Drive, 6D)
Joe Spears to third
Batting: RHB Tom Hogan 0-0: Called Strike
0-1: Swinging Strike
0-2: Ball
1-2: Ball
2-2: Ball
3-2: Strikes out swinging
Batting: LHB José Morales 0-0: Ball
1-0: Called Strike
Neal Foster steals 2nd base
1-1: Ground out 5-3 (Groundball, 5S)
Batting: RHB Derek Scott 0-0: Ball
1-0: Called Strike
1-1: Ball
2-1: Fly out, F8 (Flyball, 8LXD)
Top of the 6th over - 1 run(s), 3 hit(s), 0 error(s), 2 left on base; North Carolina 6 - Utah 0
BOTTOM OF THE 6TH
Utah Utes batting - Pitching for North Carolina Tar Heels : RHP Tony Rodréques
Batting: RHB Bill Bourland 0-0: Foul Ball, location: 2F
0-1: Swinging Strike
0-2: Ball
1-2: Strikes out swinging
Batting: SHB Brandon Manning 0-0: Fly out, F8 (Flyball, 8LS)
Batting: RHB Brandon Owen 0-0: Swinging Strike
0-1: Ball
1-1: Ground out 6-3 (Groundball, 6)
Bottom of the 6th over - 0 run(s), 0 hit(s), 0 error(s), 0 left on base; North Carolina 6 - Utah 0
TOP OF THE 7TH
North Carolina Tar Heels batting - Pitching for Utah Utes : RHP Bob Spalton
Batting: LHB Will Robinson 0-0: Called Strike
0-1: Fly out, F7 (Flyball, 7LM)
Pitching: RHP Pablo Rincón
Batting: SHB Mario Costello 0-0: Ball
1-0: Ball
2-0: Foul Ball, location: 2F
2-1: Ball
3-1: Foul Ball, location: 2F
3-2: Base on Balls
Batting: SHB Rod Good 0-0: Ball
1-0: Ball
2-0: Ball
3-0: Base on Balls
Mario Costello to second
Batting: RHB Phil Johnson 0-0: Ball
1-0: Ball
2-0: Ball
3-0: Base on Balls
Mario Costello to third
Rod Good to second
Batting: LHB Joe Spears 0-0: Ball
1-0: Called Strike
1-1: Ball
2-1: Ball
3-1: Foul Ball, location: 2F
3-2: Grounds into double play, 4-6-3 (Groundball, 4)
Top of the 7th over - 0 run(s), 0 hit(s), 0 error(s), 2 left on base; North Carolina 6 - Utah 0
BOTTOM OF THE 7TH
Utah Utes batting - Pitching for North Carolina Tar Heels : RHP Tony Rodréques
Pitching: RHP Marvin Dixon
Batting: SHB Ramón Velázquez 0-0: Called Strike
0-1: Ball
1-1: Called Strike
1-2: Foul Ball, location: 2F
1-2: Ball
2-2: Foul Ball, location: 2F
2-2: Foul Ball, location: 2F
2-2: Strikes out swinging
Batting: SHB Glenn Hinton 0-0: SINGLE (Groundball, 4MD)
Batting: RHB Bennie McGrath 0-0: Ball
1-0: Swinging Strike
1-1: Ball
2-1: Called Strike
2-2: Ball
3-2: Foul Ball, location: 2F
3-2: Strikes out swinging
Glenn Hinton steals 2nd base
Batter strikes out.
Batting: RHB Patrick Chute 0-0: Ball
1-0: Ball
2-0: Ball
3-0: Foul Ball, location: 2F
3-1: Called Strike
3-2: Ground out 1-3 (Groundball, 15)
Bottom of the 7th over - 0 run(s), 1 hit(s), 0 error(s), 1 left on base; North Carolina 6 - Utah 0
TOP OF THE 8TH
North Carolina Tar Heels batting - Pitching for Utah Utes : RHP Pablo Rincón
Batting: RHB Neal Foster 0-0: Fly out, F5 (Line Drive, 56)
Batting: RHB Tom Hogan 0-0: Called Strike
0-1: Ball
1-1: Ball
2-1: Ground out 3-1 (Groundball, 34S)
Batting: LHB José Morales 0-0: Called Strike
0-1: Foul Ball, location: 2F
0-2: Ball
1-2: Foul Ball, location: 2F
1-2: Ball
2-2: Ball
3-2: Base on Balls
Batting: RHB Derek Scott 0-0: Swinging Strike
0-1: Ball
1-1: Ball
2-1: Ground out 5-3 (Groundball, 5L)
Top of the 8th over - 0 run(s), 0 hit(s), 0 error(s), 1 left on base; North Carolina 6 - Utah 0
BOTTOM OF THE 8TH
Utah Utes batting - Pitching for North Carolina Tar Heels : RHP Marvin Dixon
Now in LF: Scott Wise
Batting: SHB Pablo Miranda 0-0: Ball
1-0: Ball
2-0: Called Strike
2-1: Swinging Strike
2-2: Strikes out looking
Batting: RHB Larry Storms 0-0: Called Strike
0-1: Called Strike
0-2: Foul Ball, location: 2F
0-2: Ball
1-2: Strikes out looking
Batting: RHB Bill Bourland 0-0: Ground out 6-3 (Groundball, 6)
Bottom of the 8th over - 0 run(s), 0 hit(s), 0 error(s), 0 left on base; North Carolina 6 - Utah 0
TOP OF THE 9TH
North Carolina Tar Heels batting - Pitching for Utah Utes : RHP Pablo Rincón
Batting: LHB Will Robinson 0-0: SINGLE (Line Drive, 56)
Batting: SHB Mario Costello 0-0: Called Strike
0-1: Called Strike
0-2: Strikes out looking
Batting: SHB Rod Good 0-0: Called Strike
0-1: Ball
1-1: Swinging Strike
1-2: Ball
2-2: Strikes out swinging
Batting: RHB Phil Johnson 0-0: Ball
1-0: Ball
2-0: Foul Ball, location: 2F
2-1: Ball
3-1: Foul Ball, location: 2F
3-2: Base on Balls
Will Robinson to second
Batting: LHB Joe Spears 0-0: Ball
1-0: Called Strike
1-1: Fly out, F7 (Flyball, 78M)
Top of the 9th over - 0 run(s), 1 hit(s), 0 error(s), 2 left on base; North Carolina 6 - Utah 0
BOTTOM OF THE 9TH
Utah Utes batting - Pitching for North Carolina Tar Heels : RHP Marvin Dixon
Now at 2B: Salvador Silva
Now in RF: Kirby Hurst
Batting: SHB Brandon Manning 0-0: Ball
1-0: Swinging Strike
1-1: Ball
2-1: Ball
3-1: Foul Ball, location: 2F
3-2: Base on Balls
Batting: RHB Brandon Owen 0-0: Ball
1-0: Ball
2-0: Ball
3-0: Called Strike
3-1: Base on Balls
Brandon Manning to second
Batting: SHB Ramón Velázquez 0-0: Ball
1-0: Ball
2-0: Foul Ball, location: 2F
2-1: Ball
3-1: Foul Ball, location: 2F
3-2: Strikes out looking
Batting: SHB Glenn Hinton 0-0: Ball
1-0: Ball
2-0: Ball
3-0: Called Strike
3-1: Foul Ball, location: 2F
3-2: Foul Ball, location: 2F
3-2: 3-RUN HOME RUN (Flyball, 9D), Distance : 407 ft
Pitching: RHP Dale Stone
Batting: RHB Bennie McGrath 0-0: Ball
1-0: Foul Ball, location: 2F
1-1: Swinging Strike
1-2: Strikes out swinging
Batting: RHB Patrick Chute 0-0: Foul Ball, location: 2F
0-1: Called Strike
0-2: Ball
1-2: SINGLE (Groundball, 56D)
Batting: SHB Pablo Miranda 0-0: Foul Ball, location: 2F
0-1: Fielders Choice at 2nd, 6-4 (Groundball, 6)
Bottom of the 9th over - 3 run(s), 2 hit(s), 0 error(s), 0 left on base; North Carolina 6 - Utah 3
Monday, December 5th, 2016 - OOTP Baseball 17.12 Build 75